 Dungeon Sprint DCSS version 0.19.3-4-gbf9329e (webtiles) character file.

263 Kagutsuchi the Fighter (level 5, -8/50 HPs)
             Began as a Draconian Berserker on Jan 27, 2017.
             Was a Believer of Trog.
             Mangled by an iron imp (11 damage)
             ... summoned by a neqoxec
             ... in the Dungeon (Sprint II: "The Violet Keep of Menkaure").
             The game lasted 00:00:30 (32 turns).

Kagutsuchi the Fighter (Draconian Berserker)          Turns: 32, Time: 00:00:31

Health: -8/50      AC:  5    Str: 19      XL:     5   Next: 97%
Magic:  5/5        EV: 15    Int:  3 (8)  God:    Trog [**....]
Gold:   0          SH:  0    Dex:  9      Spells: 0 memorised, 4 levels left

rFire  . . .     SeeInvis .     a - +0 falchion
rCold  . . .     Gourm    .     (armour unavailable)
rNeg   . . .     Faith    .     (no shield)
rPois  .         Spirit   .     (helmet restricted)
rElec  .         Reflect  .     (no cloak)
rCorr  .         Harm     .     (no gloves)
MR     .....     NoTele   +     (no boots)
Stlth  +.........               (no amulet)
                                (no ring)
                                (no ring)

@: exhausted, slowed, very slow
A: unfitting armour, blurry vision 1, clumsy 1, deterioration 2, frail 1, slow
regeneration 1, cold-blooded, subdued magic 1, AC +5
a: Berserk, Trog's Hand, Burn Spellbooks, Renounce Religion


You were in the Dungeon.
You worshipped Trog.
Trog was pleased with you.
You were not hungry.

You visited 1 branch

Inventory:

Hand Weapons
 a - a +0 falchion (weapon)
Scrolls
 h - a scroll of blinking
Potions
 c - a potion of curing
 e - a potion of haste
 f - 2 potions of magic
 g - a potion of berserk rage
Comestibles
 b - a bread ration


   Skills:
 + Level 8.6 Fighting
 + Level 7.8 Long Blades
 + Level 6.9 Dodging


You had 4 spell levels left.
You didn't know any spells.

Dungeon Overview and Level Annotations

Branches:
Dungeon (1/1)

Altars:


Innate Abilities, Weirdness & Mutations

Your plain brown scales are hard. (AC +5)
You cannot fit into any form of body armour.
You are cold-blooded and may be slowed by cold attacks.
Scrolls take you a little longer to read.
You are clumsy. (Dex -2)
Your body often deteriorates upon taking damage.
You are frail. (-10% HP)
You regenerate slowly when monsters are visible.
Your spells are a little easier to cast, but a little less powerful.


Message History

The iron imp closely misses you. The neqoxec hits you!
* * * LOW HITPOINT WARNING * * *
You hit the neqoxec but do no damage.
Your tail-slap misses the neqoxec.
The neqoxec is heavily wounded.
The iron imp closely misses you.
You riposte.
You hit the iron imp.
The iron imp is heavily wounded.
The neqoxec gestures at you.
Strange energies course through your body.
You feel your body start to fall apart.
The crimson imp blinks!
You hit the neqoxec.
The neqoxec is heavily wounded.
The neqoxec hits you.
* * * LOW HITPOINT WARNING * * *
The iron imp closely misses you.
You riposte.
You closely miss the iron imp.
The iron imp is heavily wounded.
The neqoxec gestures at you.
You feel dopey. Something feeds on your intellect! The iron imp hits you!
You die...

# #+# 5#
##.##5#
+.5@33#
##.##55#
#+# 5# #


You could see 2 neqoxecs, 2 iron imps, a crimson imp, a shadow imp and 2
ufetubi.

Vanquished Creatures
  2 neqoxecs (D)
2 creatures vanquished.

Vanquished Creatures (others)
  A crocodile (D)
1 creature vanquished.

Grand Total: 3 creatures vanquished

Notes
Turn   | Place    | Note
-------+----------+-------------------------------------------
     0 | D        | Kagutsuchi the Draconian Berserker began the quest for the Orb.
     0 | D        | Reached XP level 1. HP: 19/19 MP: 1/1
     1 | D        | Noticed a neqoxec
     1 | D        | Noticed a neqoxec
     1 | D        | Noticed a neqoxec
     1 | D        | Noticed a neqoxec
     3 | D        | Noticed a crimson imp
     4 | D        | Gained mutation: Scrolls take you a little longer to read. [a neqoxec]
     6 | D        | Killed a crocodile
    13 | D        | Killed a neqoxec
    13 | D        | Reached skill level 7 in Fighting
    13 | D        | Reached skill level 5 in Dodging
    13 | D        | Reached XP level 2. HP: 34/34 MP: 2/2
    13 | D        | Reached XP level 3. HP: 39/39 MP: 3/3
    13 | D        | Reached XP level 4. HP: 47/47 MP: 4/4
    19 | D        | Gained mutation: You regenerate slowly when monsters are visible. [a neqoxec]
    20 | D        | Gained mutation: You are frail. (-10% HP) [a neqoxec]
    21 | D        | Killed a neqoxec
    21 | D        | Reached ** piety under Trog
    21 | D        | Reached skill level 8 in Fighting
    21 | D        | Reached XP level 5. HP: 28/50 MP: 5/5
    22 | D        | Gained mutation: You are clumsy. (Dex -2) [a neqoxec]
    23 | D        | Gained mutation: Your spells are a little easier to cast, but a little less powerful. [a neqoxec]
    25 | D        | Gained mutation: Your body sometimes deteriorates upon taking damage. [a neqoxec]
    31 | D        | Gained mutation: Your body often deteriorates upon taking damage. [a neqoxec]
    32 | D        | Mangled by an iron imp

Skill      XL: |  1  2  3  4 |
---------------+-------------+-----
Fighting       | 7 8 |  8.6
Long Blades    | 6 7 |  7.8
Dodging        | 5 6 |  6.9

Action                   |  1- 3 |  4- 6 || total
-------------------------+-------+-------++-------
Melee: Falchion          |    11 |    18 ||    29
       Tailslap          |       |     3 ||     3
Invok: Berserk           |     1 |       ||     1
  Use: Potion            |       |     1 ||     1
Armor: Skin              |     1 |     6 ||     7
Dodge: Dodged            |     3 |    25 ||    28
       Rpst.: Falchion   |     1 |    10 ||    11
